 Dungeon Crawl Stone Soup version 0.23-a0-419-g0174fd8 (webtiles) character file.

96 JeffiDaFish the Grave Robber (level 4, -1/21 HPs)
             Began as a Spriggan Necromancer on Nov 13, 2018.
             Killed from afar by an orc wizard (8 damage)
             ... with a magic dart
             ... on level 3 of the Dungeon.
             The game lasted 00:05:26 (3734 turns).

JeffiDaFish the Grave Robber (Spriggan Necromancer) Turns: 3734, Time: 00:05:26

Health: -1/21      AC:  3    Str:  4    XL:     4   Next: 41%
Magic:  0/11       EV: 19    Int: 17    God:
Gold:   56         SH:  0    Dex: 16    Spells: 7/11 levels left

rFire    . . .     SeeInvis +   h - +1 short sword (elec)
rCold    . . .     Gourm    .   (shield restricted)
rNeg     . . .     Faith    .   a - +1 robe
rPois    .         Spirit   .   (helmet restricted)
rElec    .         Reflect  .   (no cloak)
rCorr    .         Harm     .   (gloves unavailable)
MR       .....                  (boots unavailable)
Stlth    +++.......             (no amulet)
HPRegen  0.07/turn              (no ring)
MPRegen  0.12/turn              (no ring)

@: very slightly contaminated, very quick
A: very small, unfitting armour, see invisible, herbivore, speed 3, slow
metabolism 2
a: no special abilities


You were on level 3 of the Dungeon.
You were hungry.

You visited 1 branch of the dungeon, and saw 3 of its levels.

You collected 56 gold pieces.

Inventory:

Hand Weapons
 h - a +1 short sword of electrocution (weapon)
Armour
 a - a +1 robe (worn)
Scrolls
 f - 4 scrolls of identify
 g - a scroll of blinking
Potions
 d - a potion of flight
 e - 2 potions of berserk rage
Comestibles
 c - 4 rations


   Skills:
 + Level 3.9 Dodging
 + Level 4.0 Stealth
 * Level 4.0 Spellcasting
 * Level 4.3 Necromancy


You had 7 spell levels left.
You knew the following spells:

 Your Spells              Type           Power        Failure   Level  Hunger
a - Pain                  Necr           ###.         2%          1    None
b - Vampiric Draining     Necr           ###.......   9%          3    ###....

Your spell library contained the following spells:

 Spells                   Type           Power        Failure   Level  Hunger
 Animate Skeleton         Necr           N/A          2%          1    None
 Regeneration             Chrm/Necr      ##........   21%         3    ###....
 Animate Dead             Necr           N/A          26%         4    ####...


Dungeon Overview and Level Annotations

Branches:
Dungeon (3/15)

Altars:
Elyvilon
Gozag
Makhleb

Shops:
D:3 *


Innate Abilities, Weirdness & Mutations

You are very small and have problems with some larger weapons.
You are too small for most types of armour.
You have supernaturally acute eyesight. (SInv)
You are a herbivore.
You cover ground extremely quickly.
You need to consume almost no food.


Message History

* * * LOW HITPOINT WARNING * * *
You feel better.
The orc wizard hits you but does no damage.
Casting: Pain (safe; 2% risk of failure)
Confirm with . or Enter, or press ? or * to list all spells.
Aiming: Pain (safe; 2% risk of failure)
Press: ? - help, Shift-Dir - straight line, f/p - orc wizard
Aim: an orc wizard, wielding a +0 dagger and wearing a +0 robe (heavily The orc wizard writhes in agony!
The orc wizard completely misses you.
You barely miss the orc wizard.
The orc wizard is heavily wounded.
The orc wizard closely misses you.
You barely miss the orc wizard.
The orc wizard is heavily wounded.
The orc wizard completely misses you.
You hit the orc wizard.
The orc wizard is severely wounded.
The orc wizard casts a spell at you. The magic dart hits you!
You die...

#.............# ....
##########.............# [....
........##.............# <.....
....[.>.##.............##......
.......................(o..>...
........##..............#......
........###.########....# .....
≈≈≈≈....# #.########....# ....
...≈....# #.....@o......# o..
.⌠.≈....###...).....###.# .o
∩..≈....##<...).....# #.# #
.⌠.≈###..#..........# #.. ...≈
##.#..........# ### ..≈≈
#............# _.≈.
##...........# ..≈.
#...........# .≈ #.....#####...


You could see an orc wizard.

Vanquished Creatures
  4 adders
  An ooze (D:1)
  A worm (D:2)
  A dart slug (D:3)
  A leopard gecko (D:1)
  2 orcs (D:3)
  A giant cockroach (D:1)
  8 hobgoblins
  8 jackals
  6 kobolds
  2 bats
  A frilled lizard (D:3)
  7 goblins
  2 rats
45 creatures vanquished.

Notes
Turn   | Place    | Note
-------+----------+-------------------------------------------
     0 | D:1      | JeffiDaFish the Spriggan Necromancer began the quest for
                  | the Orb.
     0 | D:1      | Reached XP level 1. HP: 9/9 MP: 5/5
   421 | D:1      | Reached XP level 2. HP: 8/13 MP: 2/7
  2114 | D:2      | Reached XP level 3. HP: 16/16 MP: 6/8
  2159 | D:2      | Learned a level 3 spell: Vampiric Draining
  3369 | D:2      | Reached XP level 4. HP: 17/21 MP: 10/10
  3387 | D:2      | Found a white marble altar of Elyvilon.
  3505 | D:2      | Found a burning altar of Makhleb.
  3610 | D:3      | Found Gozag's Platinum Reserve.
  3612 | D:3      | Found an opulent altar of Gozag.
  3641 | D:3      | Noticed an orc warrior
  3734 | D:3      | Killed from afar by an orc wizard

Vault maps used:
D:1:      lemuel_arrival_hallway
D:2:      mumra_celtic_spiral_tile, lightli_temple_of_fire, elyvilon_altar_1
D:3:      grunt_temple_overflow_opulence, nicolae_gozag_zags_fifth_avenue

Skill      XL: |  1  2  3  4 |
---------------+-------------+-----
Spellcasting   | 3 4 |  4.0
Necromancy     | 4 |  4.3
Stealth        | 4 |  4.0
Dodging        | |  3.9

Action                   |  1- 3 |  4- 6 || total
-------------------------+-------+-------++-------
Melee: Dagger            |    23 |       ||    23
       Short sword       |     6 |     7 ||    13
 Cast: Pain              |    63 |    16 ||    79
       Vampiric Draining |     1 |     3 ||     4
  Use: Scroll            |     5 |     1 ||     6
       Potion            |     3 |     2 ||     5
 Stab: Sleeping          |     2 |     2 ||     4
Armor: Robe              |     4 |     1 ||     5
Dodge: Dodged            |    36 |     9 ||    45

Table legend:
 A = Non-vault XP
 B = Vault XP
 C = Vault XP percentage of total XP
 D = Non-vault monster count
 E = Vault monster count
 F = Vault count percentage of total count
                 A         B        C        D         E       F
            +---------+---------+-------+---------+---------+-------
      Total |     138 |       0 |   0.0 |      45 |       0 |   0.0
            +---------+---------+-------+---------+---------+-------
        D:1 |      39 |       0 |   0.0 |      19 |       0 |   0.0
        D:2 |      74 |       0 |   0.0 |      20 |       0 |   0.0
        D:3 |      25 |       0 |   0.0 |       6 |       0 |   0.0
            +---------+---------+-------+---------+---------+-------
